 Dungeon Crawl Stone Soup version 0.30.1-11-g7821555f0a (webtiles) character file.

Game seed: 16548476602222264009

839 SacredBeard the Reanimator (level 7, -1/52 HPs)
             Began as a Demonspawn Necromancer on Nov 25, 2023.
             Slain by Menkaure (11 damage)
             ... on level 5 of the Dungeon.
             The game lasted 00:10:10 (5292 turns).

SacredBeard the Reanimator (Demonspawn Necromancer) Turns: 5292, Time: 00:10:11

Health: -1/52      AC:  8    Str:  9    XL:     7   Next: 67%
Magic:  10/10      EV:  8    Int: 18    God:
Gold:   277        SH:  4    Dex: 13    Spells: 5/10 levels left

rFire   + . .        j - +2 dagger (freeze)
rCold   . . .        m - orb {light}
rNeg    . . .        t - +1 scale mail {rF+}
rPois   .            (no helmet)
rElec   .            (no cloak)
rCorr   .            (no gloves)
SInv    .            r - +0 pair of boots
Will    .....        (no amulet)
Stlth   +            (no ring)
HPRegen 0.28/turn    (no ring)
MPRegen 0.12/turn

%: no passive effects
@: glowing
A: hooves 1, spiny 1, condensation shield
a: no special abilities


You were on level 5 of the Dungeon.
You visited 1 branch of the dungeon, and saw 5 of its levels.

You collected 277 gold pieces.

Inventory:

Hand Weapons
 j - a +2 dagger of freezing (weapon)
 n - a +1 dagger of draining
Missiles
 c - 38 stones
 d - 4 curare-tipped darts
Armour
 m - an orb of light (worn)
 r - a +0 pair of boots (worn)
 t - a +1 scale mail of fire resistance (worn)
Magical Staves
 p - the staff of air "Ofal" {rElec rF++ Str-2}
   (You found it on level 3 of the Dungeon)

   [staff of air]

   Base accuracy: +5 Base damage: 5 Base attack delay: 1.2 This weapon's minimum
   attack delay (0.6) is reached at skill level 12.
   Str:       It affects your strength (-2).
   rF:        It greatly protects you from fire.
   rElec:     It insulates you from electricity.
   It falls into the 'Staves' category.
   It is a one-handed weapon.
Wands
 q - a wand of paralysis (1)
 s - a wand of flame (11)
Scrolls
 e - a scroll of noise {unknown}
 g - 2 scrolls of teleportation {unknown}
 h - a scroll of immolation {unknown}
 i - 2 scrolls of butterflies {unknown}
 k - 5 scrolls of identify {unknown}
 l - 3 scrolls of vulnerability {unknown}
Potions
 a - 6 potions of curing {unknown}
 b - a potion of magic
 f - a potion of haste {unknown}
 o - a potion of might {unknown}
 u - 2 potions of flight {unknown}


   Skills:
 - Level 3.0 Fighting
 - Level 2.0 Throwing
 - Level 2.0 Armour
 - Level 2.0 Dodging
 - Level 3.0 Stealth
 - Level 2.0 Spellcasting
 * Level 8.3 Necromancy
 + Level 1.5 Evocations


You had 5 spell levels left.
You knew the following spells:

 Your Spells              Type           Power      Damage    Failure   Level
a - Necrotise             Necr           100%       1d9       4%          1
b - Animate Dead          Necr           31%        N/A       41%         4

Your spell library contained the following spells:

 Spells                   Type           Power      Damage    Failure   Level
 Vampiric Draining        Necr           31%        2d8       14%         3
 Agony                    Necr           31%        N/A       77%         5
 Shock                    Conj/Air       4%         1d3       80%         1
 Swiftness                Air            1%         N/A       99%         3
 Airstrike                Air            0%         2d(1-17)  100%        4


Dungeon Overview and Level Annotations

Branches:
Dungeon (5/15) Zot: 24702  Temple (0/1) D:4

Altars:

Shops:
D:2 :

Annotations:
D:5 Menkaure


Innate Abilities, Weirdness & Mutations

You have large cloven feet.
You are partially covered in sharp spines.
A meltable shield of frost defends you. (SH +4)


Message History

You hit Menkaure.
Menkaure is moderately damaged.
You hit Menkaure but do no damage.
Menkaure is moderately damaged.
Menkaure casts a spell at you. Pain shoots through your body!
You hit Menkaure but do no damage.
Menkaure is moderately damaged.
Menkaure hits you.
You hit Menkaure.
Menkaure is moderately damaged.
Menkaure barely misses you.
You hit Menkaure but do no damage.
Menkaure is moderately damaged.
You block Menkaure's attack.
You hit Menkaure.
Menkaure is moderately damaged.
You hit Menkaure.
Menkaure is heavily damaged.
You block Menkaure's attack.
You hit Menkaure.
Menkaure is heavily damaged.
You block Menkaure's attack.
You hit Menkaure.
Menkaure is heavily damaged.
Menkaure calls on the powers of darkness!
Your body is wracked with pain!
You hit Menkaure.
Menkaure is severely damaged.
Menkaure hits you!
You hit Menkaure but do no damage.
Menkaure is severely damaged.
You hit Menkaure.
Menkaure is severely damaged.
Menkaure hits you.
* * * LOW HITPOINT WARNING * * *
You hit Menkaure.
Menkaure is severely damaged.
Menkaure hits you!
You die...

....#....##
...#
#####.....#
..#
.#####....##
......##...#
...........###
.............#
.............#
.......#....##
......M@#####
#...[..##
##..... ##....
#....# #...#
####


You could see Menkaure.

Vanquished Creatures
  2 black bears
  2 scorpions
  A howler monkey (D:4)
  3 hounds (D:4)
  A sleepcap (D:4)
  An orc priest (D:4)
  Ijyb (D:3)
  3 orc wizards (D:4)
  8 gnolls
  5 adders
  2 worms (D:2)
  2 dart slugs
  9 orcs (D:4)
  3 endoplasms
  7 giant cockroaches
  8 goblins
  9 hobgoblins
  5 kobolds
  5 quokkas
  5 ball pythons
  5 bats (D:2)
  2 frilled lizards
  5 rats
94 creatures vanquished.

Vanquished Creatures (collateral kills)
  A jelly (D:5)
  An orc (D:4)
  An endoplasm (D:4)
3 creatures vanquished.

Grand Total: 97 creatures vanquished

Notes
Turn   | Place    | Note
-------+----------+-------------------------------------------
     0 | D:1      | SacredBeard the Demonspawn Necromancer began the quest for
                  | the Orb.
     0 | D:1      | Reached XP level 1. HP: 13/13 MP: 3/3
   329 | D:1      | Gained mutation: You are partially covered in sharp spines.
                  | [demonic ancestry]
   329 | D:1      | Reached XP level 2. HP: 19/19 MP: 0/5
  1383 | D:2      | Reached XP level 3. HP: 16/25 MP: 0/6
  1501 | D:2      | Found Otzuqo's Book Shoppe.
  1501 | D:2      | Noticed a walking divine tome
  1501 | D:2      | Noticed a walking divine tome
  1737 | D:2      | Reached skill level 1 in Fighting
  1737 | D:2      | Reached skill level 1 in Throwing
  1835 | D:1      | Reached skill level 5 in Necromancy
  1867 | D:2      | Reached skill level 1 in Armour
  1867 | D:2      | Gained mutation: You have large cloven feet. [demonic
                  | ancestry]
  1867 | D:2      | Reached XP level 4. HP: 32/32 MP: 3/7
  2466 | D:3      | Found a faded altar of an unknown god.
  2702 | D:3      | Noticed Ijyb
  2706 | D:3      | Paralysed by Ijyb for 3 turns
  2966 | D:3      | Reached XP level 5. HP: 37/37 MP: 6/8
  2994 | D:3      | Identified the staff of air "Ofal" {rElec rF++ Str-2}
  3102 | D:3      | Killed Ijyb
  3833 | D:4      | Reached skill level 6 in Necromancy
  3833 | D:4      | Reached XP level 6. HP: 43/44 MP: 1/9
  4251 | D:4      | Gained mutation: A meltable shield of frost defends you.
                  | (SH +4) [demonic ancestry]
  4251 | D:4      | Reached XP level 7. HP: 40/52 MP: 1/10
  4479 | D:4      | Reached skill level 7 in Necromancy
  4729 | D:4      | Found a staircase to the Ecumenical Temple.
  5084 | D:5      | Entered Level 5 of the Dungeon
  5097 | D:5      | Reached skill level 8 in Necromancy
  5097 | D:5      | Reached skill level 1 in Evocations
  5207 | D:5      | Learned a level 4 spell: Animate Dead
  5272 | D:5      | Noticed Menkaure
  5292 | D:5      | Slain by Menkaure

Illustrated notes

Levels and vault maps discovered:
D:1:      evilmike_arrival_rings, layout_loops_ring, serial_forest,
          infiniplex_forest_lined_room_3, infiniplex_forest_straight_1,
          infiniplex_forest_lined_3, infiniplex_forest_lined_corner,
          infiniplex_forest_end_1
D:2:      layout_loops_cross, serial_shops, nicolae_shop_mannequins,
          serial_glass, glass_columns_a, glass_columns_a, glass_columns_c,
          glass_columns_a, glass_columns_b, glass_columns_a, glass_columns_b,
          glass_columns_b, glass_columns_a, glass_columns_b
D:3:      layout_loops_ring, hellmonk_ecumenical_altar_pennies_from_heaven,
          eino_tiny_chamber, uniq_ijyb
D:4:      layout_loops_ring, temple_green
D:5:      nicolae_cairo_tiling_very_big, layout_cave_pools, uniq_menkaure,
          uniq_crazy_yiuf_cottage

Skill      XL: |  1  2  3  4  5  6  7 |
---------------+----------------------+-----
Dodging        | 2 |  2.0
Stealth        | 2 3 |  3.0
Fighting       | 1 2 3 |  3.0
Throwing       | 1 2 |  2.0
Necromancy     | 5 6 8 |  8.3
Armour         | 1 2 |  2.0
Evocations     | 1 |  1.5
Spellcasting   | |  2.0

Action                     |  1- 3 |  4- 6 |  7- 9 || total
---------------------------+-------+-------+-------++-------
  Melee: Short sword       |     7 |       |       ||     7
         Dagger            |       |    17 |    34 ||    51
  Throw: Stone             |       |       |     6 ||     6
   Cast: Necrotise         |    75 |    98 |    34 ||   207
 Armour: Leather armour    |     4 |     7 |     8 ||    19
         Scale mail        |       |       |     5 ||     5
  Dodge: Dodged            |     7 |    20 |    16 ||    43
  Block: Orb               |       |       |    13 ||    13
